 Dungeon Crawl Stone Soup version 0.28.0 (webtiles) character file.

Game seed: 4877410912221696668

58 unlimited1921 the Firebug (level 4, -1/24 HPs)
             Began as a Gargoyle Fire Elementalist on Feb 12, 2022.
             Shot with an arrow by a centaur (13 damage)
             ... on level 3 of the Dungeon.
             The game lasted 00:09:17 (4748 turns).

unlimited1921 the Firebug (GrFE)                    Turns: 4748, Time: 00:09:18

Health: -1/24      AC:  7    Str: 14    XL:     4   Next: 1%
Magic:  0/7        EV: 12    Int: 15    God:
Gold:   35         SH:  0    Dex: 10    Spells: 6/7 levels left

rFire   . . .      SeeInvis .   b - +0 hand axe
rCold   . . .      Faith    .   (no shield)
rNeg    + . .      Spirit   .   a - +0 robe
rPois   ∞          Reflect  .   (no helmet)
rElec   +          Harm     .   c - +0 cloak
rCorr   .          Rampage  .   (no gloves)
Will    .....                   j - +0 pair of boots
Stlth   ++........              (no amulet)
HPRegen 0.08/turn               (no ring)
MPRegen 0.10/turn               (no ring)

@: very slightly contaminated
A: sickness immunity, AC +3, negative energy resistance 1, electricity
resistance, torment resistance 1, petrification resistance
a: no special abilities


You were on level 3 of the Dungeon.
You visited 1 branch of the dungeon, and saw 3 of its levels.

You collected 35 gold pieces.

Inventory:

Hand Weapons
 b - a +0 hand axe (weapon)
 i - a +0 long sword
Missiles
 f - 78 stones
 h - 11 sling bullets
 k - 36 arrows
 l - 9 bolts
Armour
 a - a +0 robe (worn)
 c - a +0 cloak (worn)
 e - a scarf of shadows
 j - a +0 pair of boots (worn)
Scrolls
 d - a scroll of identify {unknown}
 g - 2 scrolls of teleportation
 m - a scroll of fog {unknown}
 q - a scroll of blinking {unknown}
Potions
 n - a potion of flight {unknown}
 o - a potion of lignification {unknown}
 p - a potion of might {unknown}


   Skills:
 * Level 0.8 Fighting
 + Level 0.2 Axes
 + Level 1.9 Dodging
 + Level 2.7 Stealth
 * Level 2.3 Spellcasting
 + Level 1.5 Conjurations
 * Level 3.6 Fire Magic


You had 6 spell levels left.
You knew the following spells:

 Your Spells              Type           Power      Damage    Failure   Level
a - Foxfire               Conj/Fire      36%        2x1d5     8%          1

Your spell library contained the following spells:

 Spells                   Type           Power      Damage    Failure   Level
 Scorch                   Fire           24%        2d6       7%          2
 Conjure Flame            Conj/Fire      9%         6-21      22%         3
 Inner Flame              Hex/Fire       7%         N/A       30%         3
 Flame Wave               Conj/Fire      9%         2d5       58%         4


Dungeon Overview and Level Annotations

Branches:
Dungeon (3/15)

Altars:


Innate Abilities, Weirdness & Mutations

You are immune to sickness and miasma.
Your stone body is resilient. (AC +3)
You are immune to poison.
You resist negative energy. (rN+)
You are resistant to electric shocks. (rElec)
You are resistant to unholy torment.
You are immune to petrification.


Message History

You hit the bat.
You kill the bat!
You have reached level 4!
You feel stronger.
You start resting.
Your foxfire dissipates! x2
You start resting.
A centaur comes into view.
The centaur wields a +0 shortbow.
The centaur shoots an arrow.
The arrow closely misses you.
Casting: Foxfire (safe; 8% risk of failure)
Confirm with . or Enter, or press ? or * to list all spells.
You miscast Foxfire.
You are very lightly contaminated with residual magic.
Nothing appears to happen.
The centaur shoots an arrow.
The arrow hits you!
Casting: Foxfire (safe; 8% risk of failure)
Confirm with . or Enter, or press ? or * to list all spells.
You conjure some foxfire!
The centaur shoots an arrow.
The arrow barely misses you.
Casting: Foxfire (safe; 8% risk of failure)
Confirm with . or Enter, or press ? or * to list all spells.
You conjure some foxfire!
The foxfire hits the centaur.
The centaur is moderately wounded.
Casting: Foxfire (safe; 8% risk of failure)
Confirm with . or Enter, or press ? or * to list all spells.
You don't have enough magic to cast this spell.
Casting: Foxfire (safe; 8% risk of failure)
Confirm with . or Enter, or press ? or * to list all spells.
You don't have enough magic to cast this spell.
Casting: Foxfire (safe; 8% risk of failure)
Confirm with . or Enter, or press ? or * to list all spells.
You don't know that spell.
The foxfire hits the centaur.
The centaur is moderately wounded.
The foxfire hits the centaur.
The centaur is heavily wounded.
The centaur shoots an arrow.
The arrow hits you.
The centaur shoots an arrow.
The arrow hits you!
Ouch! That really hurt!
You die...

#......##§##
#.......§..#
#..........#
#..........# #####
##+#.......#......
.........#......
.........§......
.....##.§......<
..... #@§....##)
......§......#
.......#.....#
......c#.....#
..##...#.....# .
..........# .....
.....# ......
.....#


You could see a centaur.

Vanquished Creatures
  A gnoll (D:2)
  An adder (D:3)
  An orc (D:3)
  5 ball pythons
  3 bats
  4 endoplasms (D:1)
  5 goblins
  A hobgoblin (D:1)
  3 jackals (D:1)
  2 quokkas (D:2)
  5 frilled lizards
  2 kobolds
  3 rats
36 creatures vanquished.

Vanquished Creatures (others)
  95 foxfires
95 creatures vanquished.

Grand Total: 131 creatures vanquished

Notes
Turn   | Place    | Note
-------+----------+-------------------------------------------
     0 | D:1      | unlimited1921 the Gargoyle Fire Elementalist began the
                  | quest for the Orb.
     0 | D:1      | Reached XP level 1. HP: 10/10 MP: 3/3
   380 | D:1      | Reached XP level 2. HP: 15/15 MP: 1/5
  1524 | D:1      | Found a faded altar of an unknown god.
  1987 | D:2      | Reached XP level 3. HP: 20/20 MP: 1/6
  4741 | D:3      | Reached XP level 4. HP: 24/24 MP: 2/7
  4743 | D:3      | Noticed a centaur
  4748 | D:3      | Shot with an arrow by a centaur

Illustrated notes

Levels and vault maps discovered:
D:1:      saegor_arrival_simple_b, layout_basic, shapermc_ecumenical_altar_venn,
          minmay_misc_feat_columns, chequers_serial_rivers_marsh
D:2:      layout_loops_cross
D:3:      layout_basic, mainiacjoe_overflow_big_doors

Action                   |  1- 3 |  4- 6 || total
-------------------------+-------+-------++-------
Melee: Hand axe          |    38 |       ||    38
 Cast: Foxfire           |    60 |     2 ||    62
  Use: Scroll            |     1 |       ||     1
Armor: Robe              |    13 |       ||    13
Dodge: Dodged            |    28 |     2 ||    30
